Workbook

Sheet THH
G2: PLAN OPERATIVO ANUAL 2.025
G3: Dirección / Unidad: | O3: Gestión de Talento humano
G4: Periodo de ejecución: | O4: Enero-Diciembre
A6: Objetivos de Desarrollo Sostenible | B6: Promover el crecimiento economico inclusivo y sostenible, el emplero y el trabajo decente para todos.
A7: Objetivos Nacionales: | B7: Propender la construcción de un Estado eficiente, transparente y orientado al bienestar social
A8: Objetivos Provinciales: | B8: Fortalecer la institucionalidad y gobernanza local, mediante prácticas transparentes con participación activa de la ciudadanía
A9: Objetivos en GPR | B9: Incrementar el desempeño del Talento Humano
A10: Proyecto | B10: Gestión de Talento Humano
A11: Propósito / Objetivo | B11: Desarrollar políticas adecuadas de Administración de Talento Humano y procesos que permitan la racionalización y dotación del personal necesario a través del análisis permanentes de los procesos, procedimientos , normas técnicas y procesos de evaluación .
A12: Resultado 1 / Componente 1 | B12: Indicadores de Gestión Institucional | C12: Método de Cálculo | K12: Meta trimestral
K13: 1 | L13: 2 | M13: 3 | N13: 4
A14: Sistema Integrado de Gestión de Talento Humano | B14: Alcanzar un cumplimiento del 70% del plan de capacitaciones | C14: ( Número de capacitaciones ejecutadas / número de capacitaciones programadas) x 100 | L14: 0.2 | M14: 0.2 | N14: 0.3
B15: Alcanzar un cumplimiento del 100% en los procesos de concurso de méritos y oposición | C15: (Número de concursos realizados) / (número de concursos planificados) x 100 | K15: 0.25 | L15: 0.25 | M15: 0.25 | N15: 0.25
B16: 98 % de aplicación del manual de descripción, valoración y clasificación de puestos | C16: (Número de perfiles elaborados) / (número de cargos en el distributivo) X 100 | K16: 0.25 | L16: 0.25 | M16: 0.25 | N16: 0.25
B17: 97% del personal con evaluación de desempeño | C17: (Número de personal evaluado) / (total de personal) X 100 | K17: 0.25 | L17: 0.25 | M17: 0.25 | N17: 0.25
B18: Actividades | C18: Cronograma | O18: Valor Asignado | P18: I Reforma | Q18: II Reforma | R18: III Reforma | S18: IV Reforma | T18: V Reforma | U18: VI Reforma | V18: VII Reforma | W18: VIII Reforma | X18: Valor Total | Y18: Partida Presupuestaria
C19: E | D19: F | E19: M | F19: A | G19: M | H19: J | I19: J | J19: A | K19: S | L19: O | M19: N | N19: D | Y19: Código | Z19: Denominación
A20: 1 | B20: Realizar el análisis de descripción y valoración del puesto | X20: =SUM(O20:W20) -> 0
A21: =(A20+1) -> 2 | B21: Elaborar estructura ocupacional institucional | X21: =SUM(O21:W21) -> 0
A22: =(A21+1) -> 3 | B22: Elaborar el plan de evaluación del desempeño | X22: =SUM(O22:W22) -> 0
A23: =(A22+1) -> 4 | B23: Elaborar informes consolidados de los resultados de la evaluación de desempeño | X23: =SUM(O23:W23) -> 0
A24: =(A23+1) -> 5 | B24: Realizar concursos de merito y oposición | X24: =SUM(O24:W24) -> 0
A25: =(A24+1) -> 6 | B25: Aplicar pruebas psicométricas | X25: =SUM(O25:W25) -> 0
A26: =(A25+1) -> 7 | B26: Ejecutar manual técnico de reclutamiento y selección del talento humano | X26: =SUM(O26:W26) -> 0
A27: =(A26+1) -> 8 | B27: Elaborar informes de proceso selectivo | X27: =SUM(O27:W27) -> 0
A28: =(A27+1) -> 9 | B28: Elaboración de acciones de personal de acuerdo a lo previsto en el Art. 21 del Reglamento General a la Ley Orgánica de Servicio Público | X28: =SUM(O28:W28) -> 0
A29: =(A28+1) -> 10 | B29: Elaborar acciones de personal de nombramiento provisional y permanente | X29: =SUM(O29:W29) -> 0
A30: =(A29+1) -> 11 | B30: Detectar las necesidades de capacitación | X30: =SUM(O30:W30) -> 0
A31: =(A30+1) -> 12 | B31: Elaborar el plan de capacitaciones | X31: =SUM(O31:W31) -> 0
A32: =(A31+1) -> 13 | B32: Contratación del servicio de capacitaciones para el personal administrativo | O32: 2000 | W32: -2000 | X32: =SUM(O32:W32) -> 0 | Y32: 11.53.06.12 | Z32: Capacitación a Servidores Públicos
A33: =(A32+1) -> 14 | B33: Contratación del servicio de capacitación del personal generador de valor agregado | O33: 2000 | W33: -2000 | X33: =SUM(O33:W33) -> 0 | Y33: 31.53.06.12 | Z33: Capacitación a Servidores Públicos
A34: =(A33+1) -> 15 | B34: Contratación del servicio de capacitación para el personal de Código de Trabajo | O34: 2000 | W34: -2000 | X34: =SUM(O34:W34) -> 0 | Y34: 42.73.06.12 | Z34: Capacitación a Servidores Públicos
A35: =(A34+1) -> 16 | B35: Contratación de servicio de sistema informático para la aplicación pruebas Psicométricas para ascensos y contratación de personal. | O35: 5000 | U35: -5000 | X35: =SUM(O35:W35) -> 0 | Y35: 11.53.07.02 | Z35: Arrendamiento y Licencias de Uso de Paquetes Informáticos
A36: =(A35+1) -> 17 | B36: Realizar inducción al personal | X36: =SUM(O36:W36) -> 0
A37: =(A36+1) -> 18 | B37: Elaboración de memorándums, oficios entre otros | X37: =SUM(O37:W37) -> 0
B38: TOTAL | O38: =SUM(O20:O37) -> 11000 | P38: =SUM(P20:P37) -> 0 | Q38: =SUM(Q20:Q37) -> 0 | R38: =SUM(R20:R37) -> 0 | S38: =SUM(S20:S37) -> 0 | T38: =SUM(T20:T37) -> 0 | U38: =SUM(U20:U37) -> -5000 | V38: =SUM(V20:V37) -> 0 | ... X38: =SUM(X20:X37) -> 0
A40: Resultado 2 / Componente 2 | B40: Indicadores de Gestión Institucional | C40: Método de Cálculo | K40: Meta trimestral
K41: 1 | L41: 2 | M41: 3 | N41: 4
A42: Desarrollo institucional y régimen disciplinario | B42: Porcentaje de puestos de trabajos ocupados | C42: Número de puestos ocupados/ número de puestos ocupados | K42: 0.9 | L42: 0.1
B43: Actividades | C43: Cronograma | O43: Valor Asignado | P43: I Reforma | Q43: II Reforma | R43: III Reforma | S43: IV Reforma | T43: V Reforma | U43: VI Reforma | V43: VII Reforma | W43: VIII Reforma | X43: Valor Total | Y43: Partida Presupuestaria
C44: E | D44: F | E44: M | F44: A | G44: M | H44: J | I44: J | J44: A | K44: S | L44: O | M44: N | N44: D | Y44: Código | Z44: Denominación
A45: 1 | B45: Contratación de póliza de fidelidad tipo Blanket | O45: 5000 | X45: =SUM(O45:W45) -> 5000 | Y45: 31.77.02.01 | Z45: Seguros
A46: 2 | B46: Contratación y gestión para el pago oportuno de personal para las direcciones administrativas del GAD Provincial | O46: 88680 | Q46: -21000 | X46: =SUM(O46:W46) -> 67680 | Y46: 11.51.05.10 | Z46: Servicios personales por contrato
O47: 16100 | X47: =SUM(O47:W47) -> 16100 | Y47: 11.53.06.06 | Z47: Honorarios por contratos civiles de servicios
O48: 1248826 | T48: 7787.94 | X48: =SUM(O48:W48) -> 1256613.9 | Y48: 11.51.01.05 | Z48: Remuneraciones Unificadas
O49: 118958.83 | Q49: 250 | X49: =SUM(O49:W49) -> 119208.83 | Y49: 11.51.02.03 | Z49: Décimo tercer sueldo
O50: 41800 | X50: =SUM(O50:W50) -> 41800 | Y50: 11.51.02.04 | Z50: Décimo cuarto sueldo
O51: 166304.45 | Q51: 349.5 | X51: =SUM(O51:W51) -> 166653.95 | Y51: 11.51.06.01 | Z51: Aporte Patronal
O52: 118958.83 | Q52: 249.9 | X52: =SUM(O52:W52) -> 119208.73 | Y52: 11.51.06.02 | Z52: Fondos de reserva
O53: 15000 | T53: 7787.94 | X53: =SUM(O53:W53) -> 22787.94 | Y53: 11.51.07.07 | Z53: Compensación por vacaciones no gozadas por cesación de funciones
O54: 25000 | Q54: 5000 | X54: =SUM(O54:W54) -> 30000 | Y54: 11.51.05.12 | Z54: Subrogación
O55: 35000 | X55: =SUM(O55:W55) -> 35000 | Y55: 11.51.05.13 | Z55: Encargos
O56: 30000 | Q56: 3000 | T56: 35000 | U56: 5000 | X56: =SUM(O56:W56) -> 73000 | Y56: 11.51.05.09 | Z56: Horas extraordinarias y suplementarias
Q57: 11000 | X57: =SUM(O57:W57) -> 11000 | Y57: 11.51.07.09 | Z57: Por renuncia voluntaria
A58: 3 | B58: Contratación y gestión para el pago oportuno de personal para las direcciones generadoras de valor agregado del GAD Provincial | O58: 1140780 | S58: -11200 | X58: =SUM(O58:W58) -> 1129580 | Y58: 31.51.01.05 | Z58: Remuneraciones Unificadas
O59: 105815 | Q59: 1019 | X59: =SUM(O59:W59) -> 106834 | Y59: 31.51.02.03 | Z59: Décimo tercer sueldo
O60: 36575 | X60: =SUM(O60:W60) -> 36575 | Y60: 31.51.02.04 | Z60: Décimo cuarto sueldo
O61: 134531.87 | Q61: 1672.5 | X61: =SUM(O61:W61) -> 136204.37 | Y61: 31.51.06.01 | Z61: Aporte Patronal
O62: 103112.5 | Q62: 1099.5 | X62: =SUM(O62:W62) -> 104212 | Y62: 31.51.06.02 | Z62: Fondos de reserva
O63: 15000 | X63: =SUM(O63:W63) -> 15000 | Y63: 31.51.07.07 | Z63: Compensación por vacaciones no gozadas por cesación de funciones
O64: 25000 | S64: 11200 | X64: =SUM(O64:W64) -> 36200 | Y64: 31.51.07.09 | Z64: Renuncia Voluntaria
O65: 7000 | Q65: 5000 | X65: =SUM(O65:W65) -> 12000 | Y65: 31.51.05.12 | Z65: Subrogación
O66: 7000 | X66: =SUM(O66:W66) -> 7000 | Y66: 31.51.05.13 | Z66: Encargos
O67: 2700 | Q67: 11209 | X67: =SUM(O67:W67) -> 13909 | Y67: 31.51.05.09 | Z67: Horas extraordinarias y suplementarias
A68: 4 | B68: Contratación y gestión para el pago oportuno de personal bajo código de trabajo del GAD Provincial | O68: 1432800 | S68: -50000 | U68: -40000 | X68: =SUM(O68:W68) -> 1342800 | Y68: 42.71.01.06 | Z68: Salarios Unificados
O69: 125968.07 | Q69: 4291.67 | U69: 10000 | X69: =SUM(O69:W69) -> 140259.74 | Y69: 42.71.02.03 | Z69: Décimo tercer sueldo
O70: 89300 | U70: -10000 | X70: =SUM(O70:W70) -> 79300 | Y70: 42.71.02.04 | Z70: Décimo cuarto sueldo
O71: 35193.6 | U71: -10000 | X71: =SUM(O71:W71) -> 25193.6 | Y71: 42.71.03.04 | Z71: Compensación por transporte
O72: 234624 | U72: -40000 | X72: =SUM(O72:W72) -> 194624 | Y72: 42.71.03.06 | Z72: Alimentación
O73: 32148 | U73: -20000 | X73: =SUM(O73:W73) -> 12148 | Y73: 42.71.04.01 | Z73: Por cargas familiares
O74: 50148 | U74: -10000 | X74: =SUM(O74:W74) -> 40148 | Y74: 42.71.04.08 | Z74: Subsidios por antigüedad
O75: 183661.45 | Q75: 6257.25 | X75: =SUM(O75:W75) -> 189918.7 | Y75: 42.71.06.01 | Z75: Aporte Patronal
O76: 125968.07 | Q76: 4289.95 | X76: =SUM(O76:W76) -> 130258.02 | Y76: 42.71.06.02 | Z76: Fondo de reserva
O77: 10031.67 | X77: =SUM(O77:W77) -> 10031.67 | Y77: 42.71.07.04 | Z77: Compensación por desahucio
O78: 40000 | S78: -40000 | X78: =SUM(O78:W78) -> 0 | Y78: 42.71.07.06 | Z78: Beneficio por jubilación
O79: 40000 | S79: 70000 | U79: 120000 | X79: =SUM(O79:W79) -> 230000 | Y79: 42.71.07.09 | Z79: Por renuncia voluntaria
O80: 5000 | X80: =SUM(O80:W80) -> 5000 | Y80: 42.71.07.07 | Z80: Compensación por vacaciones no gozadas por cesación de funciones
O81: 78816.86 | P81: 50000 | Q81: 51515 | S81: 20000 | T81: 50000 | X81: =SUM(O81:W81) -> 250331.86 | Y81: 42.71.05.09 | Z81: Horas extraordinarias y suplementarias
A82: 5 | B82: Elaboración de informes de procedencia para la contratación de personal bajo la modalidad de contrato de servicios ocasionales | O82: 0 | X82: =SUM(O82:W82) -> 0
A83: 6 | B83: Elaboración de informes de procedencia para la ontratación de personal bajo la modalidad de contrato de Código de Trabajo | O83: 0 | X83: =SUM(O83:W83) -> 0
A84: 7 | B84: Elaboración de informes de procedencia para la contratación de personal bajo la modalidad de contrato de servicios profesionales | O84: 0 | X84: =SUM(O84:W84) -> 0
A85: 8 | B85: Elaboración de informes de procedencia para el pago de horas suplementarias y extraordinarias | O85: 0 | X85: =SUM(O85:W85) -> 0
A86: 9 | B86: Elaboración de informes varios | O86: 0 | X86: =SUM(O86:W86) -> 0
A87: 10 | B87: Ejecución de procesos disciplinarios (amonestaciones y sanciones) | O87: 0 | X87: =SUM(O87:W87) -> 0
A88: 11 | B88: Elaboración de informes de procedencia par exoneración del reloj biometrico | O88: 0 | X88: =SUM(O88:W88) -> 0
A89: 12 | B89: Elaboración de reformas POA y PAC | O89: 0 | X89: =SUM(O89:W89) -> 0
A90: 13 | B90: Validación de declaraciones juradas electronicas | X90: =SUM(O90:W90) -> 0
A91: 14 | B91: Elaboración de acciones de personal de acuerdo a lo previsto en el Art. 21 del Reglamento General a la Ley Orgánica de Servicio Público | O91: 0 | X91: =SUM(O91:W91) -> 0
A92: 15 | B92: Recepción y distribución de documentación interna y externa, así como de la correspondencia | O92: 0 | X92: =SUM(O92:W92) -> 0
A93: 16 | B93: Realización de memorándums, oficios, circulares, entre otros | O93: 0 | X93: =SUM(O93:W93) -> 0
A94: 17 | B94: Custodio del manejo y administración del archivo de la Dirección | O94: 0 | X94: =SUM(O94:W94) -> 0
A95: 18 | B95: Custodio del manejo y administración de los files personales de todo el personal de la Institución | O95: 0 | X95: =SUM(O95:W95) -> 0
A96: 19 | B96: Apertura de files personales de trabajadores y Servidores del GADPSDT | O96: 0 | X96: =SUM(O96:W96) -> 0
A97: 20 | B97: Archivo de Contratos de Trabajo en los files personales de los trabajadores y servidores del GADPSDT. | O97: 0 | X97: =SUM(O97:W97) -> 0
A98: 21 | B98: Escaneo de documentación para colocar en los files (existentes) de los trabajadores y servidores de la Institución. | O98: 0 | X98: =SUM(O98:W98) -> 0
A99: 22 | B99: Organización de la documentación en los files de los servidores y trabajadores del GADPSDT | O99: 0 | X99: =SUM(O99:W99) -> 0
B100: TOTAL | O100: =SUM(O45:O99) -> 5970802.2 | P100: =SUM(P45:P99) -> 50000 | Q100: =SUM(Q45:Q99) -> 85203.27 | R100: =SUM(R45:R99) -> 0 | S100: =SUM(S45:S99) -> 0 | T100: =SUM(T45:T99) -> 100575.88 | U100: =SUM(U45:U99) -> 5000 | V100: =SUM(V45:V99) -> 0 | ... X100: =SUM(X45:X99) -> 6211581.3
A102: Resultado 3 / Componente 3 | B102: Indicadores de Gestión Institucional | C102: Método de Cálculo | K102: Meta trimestral
K103: 1 | L103: 2 | M103: 3 | N103: 4
A104: Nómina | B104: Porcentaje de cumplimiento en pago de la nomina | C104: ( Porcentaje de cumplimiento ejecutado/porcentaje de cumplimiento programado) x100 | K104: 1 | L104: 1 | M104: 1 | N104: 1
...

Sheet Resumen
B8: RESUMEN POA 2.025 DE LA DIRECCIÓN DE GESTIÓN DE TALENTO HUMANO
B9: Nº | C9: Proceso | D9: Valor | E9: I Reforma | F9: II Reforma | G9: III Reforma | H9: IV Reforma | I9: V Reforma | J9: VI Reforma | K9: VII Reforma | L9: VIII Reforma | M9: Total
B10: 1 | C10: Gestión de Talento Humano | D10: =THH!O153 -> 6069067.7 | E10: =THH!P153 -> 50000 | F10: =THH!Q153 -> 85203.27 | G10: =THH!R153 -> 0 | H10: =THH!S153 -> 0 | I10: =THH!T153 -> 100575.88 | J10: =THH!U153 -> 0 | K10: =THH!V153 -> 0 | ... M10: =THH!X153 -> 6298846.8
C11: TOTAL | D11: =SUM(D10:D10) -> 6069067.7 | E11: =SUM(E10:E10) -> 50000 | F11: =SUM(F10:F10) -> 85203.27 | G11: =SUM(G10:G10) -> 0 | H11: =SUM(H10:H10) -> 0 | I11: =SUM(I10:I10) -> 100575.88 | J11: =SUM(J10:J10) -> 0 | K11: =SUM(K10:K10) -> 0 | ... M11: =SUM(M10:M10) -> 6298846.8
